 Dungeon Crawl Stone Soup version 0.29-a0-40-g8eb35efe60 (webtiles) character file.

Game seed: 177757778567031131

33 lorenzova the Conjurer (level 3, 0/19 HPs)
             Began as a Deep Elf Conjurer on Feb 1, 2022.
             Succumbed to an adder's poison
             ... on level 2 of the Dungeon.
             The game lasted 00:01:16 (765 turns).

lorenzova the Conjurer (Deep Elf Conjurer)           Turns: 765, Time: 00:01:17

Health: 0/19       AC:  2    Str:  4    XL:     3   Next: 12%
Magic:  2/10       EV: 12    Int: 24    God:
Gold:   41         SH:  0    Dex: 13    Spells: 7/10 levels left

rFire   . . .      SeeInvis .   (no weapon)
rCold   . . .      Faith    .   (no shield)
rNeg    . . .      Spirit   .   a - +0 robe
rPois   .          Reflect  .   (no helmet)
rElec   .          Harm     .   (no cloak)
rCorr   .          Rampage  .   (no gloves)
Will    .....                   (no boots)
Stlth   ++........              (no amulet)
HPRegen 0.06/turn               (no ring)
MPRegen 0.12/turn               (no ring)

@: lethally poisoned (0 -> -5), about to teleport
A: no striking features
a: no special abilities


You were on level 2 of the Dungeon.
You visited 1 branch of the dungeon, and saw 2 of its levels.

You collected 41 gold pieces.

Inventory:

Armour
 a - a +0 robe (worn)
 c - a +2 ring mail of fire resistance
Magical Staves
 f - a staff of air
Scrolls
 e - a scroll of fog {unknown}


   Skills:
 - Level 2.4 Dodging
 - Level 2.4 Stealth
 + Level 4.1 Spellcasting
 + Level 5.0 Conjurations


You had 7 spell levels left.
You knew the following spells:

 Your Spells              Type           Power      Damage    Failure   Level
a - Magic Dart            Conj           100%       1d8       1%          1
b - Searing Ray           Conj           58%        2d6       1%          2

Your spell library contained the following spells:

 Spells                   Type           Power      Damage    Failure   Level
 Dazzling Flash           Conj/Hex       34%        N/A       11%         3
 Fulminant Prism          Conj/Hex       8%         3d7       34%         4
 Iskenderun's Mystic Bla  Conj/Tloc      17%        2d5       34%         4


Dungeon Overview and Level Annotations

Branches:
Dungeon (2/15)

Altars:


Message History

The magic dart hits the adder.
The adder is severely wounded.
The adder barely misses you. The adder bites you.
You are poisoned.
The adder poisons you!
Casting: Magic Dart (safe; 1% risk of failure)
Confirm with . or Enter, or press ? or * to list all spells.
Aiming: Magic Dart (safe; 1% risk of failure)
Press: ? - help, Shift-Dir - straight line, f/p - adder
Aim: an adder (severely wounded, 100% to hit)
The magic dart hits the adder.
The adder is severely wounded.
You feel sick. The adder barely misses you. The adder bites you.
You are lethally poisoned!
The adder poisons you!
Casting: Magic Dart (safe; 1% risk of failure)
Confirm with . or Enter, or press ? or * to list all spells.
Aiming: Magic Dart (safe; 1% risk of failure)
Press: ? - help, Shift-Dir - straight line, f/p - adder
Aim: an adder (severely wounded, 100% to hit)
The magic dart hits the adder.
You kill the adder!
* * * LOW HITPOINT WARNING * * *
You feel sick. The adder bites you.
* * * LOW HITPOINT WARNING * * *
Your Spellcasting skill increases to level 4!
Your Conjurations skill increases to level 5!
You have reached level 3!
Your experience leads to an increase in your attributes!
Increase (S)trength, (I)ntelligence, or (D)exterity?
You feel clever. x2
You aren't carrying any potions.
You aren't carrying any potions.
As you read the scroll labelled PUOGHI QACO, it crumbles to dust.
You feel strangely unstable.
It was a scroll of teleportation.
* * * LOW HITPOINT WARNING * * *
You feel sick. The adder closely misses you.
As you read the scroll labelled TOEHIESAKK, it crumbles to dust.
You feel aware of your surroundings.
It was a scroll of magic mapping.
You die...

,* #........######...## ,*****
#.#.#.##.........## ,,,,,*
#,#....#########.# ,***,*
#.###..# #.# ,* *,* #......#
*#+#* ,* *,* ######.# **,,,**
****,* ###.### **,,,,,** *,**,*
#...(.# **,,,,,,,**
,,,*,*******#...@.#**,,,,,,,,,***
,,,,,,,,,........S..+,,,,,,,,,+,,
,,,******####.....###,,,,,,,,,***
*,,* #...#.# **,,,,,,,** **,*
#..##.# **,,,,,** *,* **#..**.#
**,,,** *,* *,...,,.# **+** *,*
*.#..,,.# *,* *>* *,**,**,*****
*,*


You could see an adder.

Vanquished Creatures
  2 adders (D:2)
  A worm (D:2)
  A bat (D:2)
  An endoplasm (D:2)
  A goblin (D:1)
  5 hobgoblins
  A ball python (D:1)
  A frilled lizard (D:1)
13 creatures vanquished.

Notes
Turn   | Place    | Note
-------+----------+-------------------------------------------
     0 | D:1      | lorenzova the Deep Elf Conjurer began the quest for the
                  | Orb.
     0 | D:1      | Reached XP level 1. HP: 10/10 MP: 6/6
   204 | D:1      | You fall into a shaft and drop 1 floor!
   271 | D:2      | Reached XP level 2. HP: 15/15 MP: 1/8
   274 | D:2      | Learned a level 2 spell: Searing Ray
   681 | D:2      | Found a faded altar of an unknown god.
   764 | D:2      | Reached skill level 5 in Conjurations
   764 | D:2      | Reached XP level 3. HP: 3/19 MP: 2/10
   765 | D:2      | Succumbed to an adder's poison

Illustrated notes

Levels and vault maps discovered:
D:1:      psy_arrival_radial02, layout_basic, kennysheep_minor_cross,
          minmay_misc_feat_rows, st_stairs_14
D:2:      layout_loops_corners, hellmonk_ecumenical_altar_inner_sanctum

Skill      XL: |  1  2 |
---------------+-------+-----
Spellcasting   | 4 |  4.1
Conjurations   | 5 |  5.0
Dodging        | |  2.4
Stealth        | |  2.4

Action                   || total
-------------------------++-------
 Cast: Magic Dart        ||    36
  Use: Scroll            ||     2
Armor: Robe              ||     2
Dodge: Dodged            ||     7

Table legend: (Time is in decaauts)
 A = Elapsed time spent in this place.
 B = Non-inter-level travel time spent in this place.
 C = Inter-level travel time spent in this place.
 D = Time resting spent in this place.
 E = Time spent auto-exploring this place.
 F = Levels seen in this place.
 G = Mean time per level.
                   A        B        C        D        E       F      G
               +--------+--------+--------+--------+--------+-----+--------+
         Total |    765 |    765 |      0 |    295 |    389 |   2 |  382.5 |
       Dungeon |    765 |    765 |      0 |    295 |    389 |   2 |  382.5 |
               +--------+--------+--------+--------+--------+-----+--------+

Top non-repeatable levels by time:
     D:2: 550 daAuts
     D:1: 215 daAuts
